 Dungeon Crawl Stone Soup version 0.20.1-1-g8b1a95d (webtiles) character file.

146 galech the Ruffian (level 5, -1/52 HPs)
             Began as a Troll Monk on Aug 30, 2017.
             Succumbed to feelmyfire's ghost's poison
             ... on level 3 of the Dungeon.
             The game lasted 00:01:56 (1167 turns).

galech the Ruffian (Troll Monk)                     Turns: 1167, Time: 00:01:56

Health: -1/52      AC:  5    Str: 20    XL:     5   Next: 7%
Magic:  13/13      EV: 16    Int:  6    God:
Gold:   161        SH:  0    Dex: 17    Spells: 4/4 levels left

rFire    . . .     SeeInvis .     - Unarmed
rCold    + . .     Gourm    +   (no shield)
rNeg     . . .     Faith    .   m - +0 robe {MR+}
rPois    .         Spirit   .   j - +0 hat
rElec    .         Reflect  .   (no cloak)
rCorr    .         Harm     .   (gloves unavailable)
MR       +....                  (boots unavailable)
Stlth    +++.......             (no amulet)
Regen    0.6/turn               h - ring of protection from cold
MPRegen  0.2/turn               n - ring of magical power

@: agile, lethally poisoned (-1 -> -11), invisible
A: unfitting armour, claws 3, fast metabolism 3, gourmand, regeneration 1,
shaggy fur 1, tough skin 2
a: no special abilities


You were on level 3 of the Dungeon.
You were completely stuffed.

You visited 1 branch of the dungeon, and saw 3 of its levels.

You collected 161 gold pieces.

Inventory:

Armour
 a - a +0 robe
 j - a +0 hat (worn)
 m - a +0 robe of magic resistance (worn)
Jewellery
 h - a ring of protection from cold (left claw)
 n - a ring of magical power (right claw)
 o - a +5 ring of dexterity {unknown}
 p - an uncursed ring of protection from cold
Scrolls
 d - 4 scrolls of identify {unknown}
 e - 2 scrolls of remove curse {unknown}
 f - a scroll of noise {unknown}
 k - a scroll of fog {unknown}
 r - a scroll of random uselessness {unknown}
Potions
 c - a potion of agility
 i - a potion of cancellation {unknown}
 l - a potion of curing {unknown}
Comestibles
 b - 4 bread rations
 q - a chunk of flesh
 s - a meat ration


   Skills:
 + Level 2.8 Fighting
 + Level 3.1 Dodging
 + Level 1.2 Stealth
 + Level 4.7 Unarmed Combat


You had 4 spell levels left.
You didn't know any spells.

Dungeon Overview and Level Annotations

Branches:
Dungeon (3/15)

Altars:


Innate Abilities, Weirdness & Mutations

You are too large for most types of armour.
You have claws for hands.
Your metabolism is lightning-fast.
You like to eat raw meat.
Your natural rate of healing is unusually fast.
You are covered in fur. (AC +1)
You have very tough skin. (AC +2)


Message History

You feel sick. Feelmyfire's ghost hits you.
* * * LOW HITPOINT WARNING * * *
You scratch feelmyfire's ghost but do no damage.
Feelmyfire's ghost is almost destroyed.
* * * LOW HITPOINT WARNING * * *
You feel sick. Feelmyfire's ghost closely misses you.
You claw feelmyfire's ghost!
You destroy feelmyfire's ghost!
Your Dodging skill increases to level 3!
You have reached level 4!
You have reached level 5!
* * * LOW HITPOINT WARNING * * *
You feel sick.
It was a potion of agility.
You feel agile all of a sudden.
* * * LOW HITPOINT WARNING * * *
You feel sick.
It was a potion of invisibility.
You fade into invisibility!
You die...

#. #.# #.# #.# #.# #.# #
#.. #.##.#.#.. #.####.#
#.@......# ........
#######%#####.## .... ...
#..........#.## ##.# #.#
#.#####.##.#..###..# #.#
##.#####.##.#.#.....# #.#
#......#.##..)......####.#
##........(................
#......................###.
#....####.##.#####.##.## ##


There were no monsters in sight!

Vanquished Creatures
  The ghost of feelmyfire the Ruffian, an amateur DrGl (D:3)
  An adder (D:3)
  2 worms
  A dart slug (D:1)
  A leopard gecko (D:2)
  A ball python (D:3)
  A giant cockroach (D:2)
  4 hobgoblins
  6 jackals
  A quokka (D:2)
  5 bats
  3 frilled lizards
  6 goblins
  7 kobolds
  A rat (D:1)
41 creatures vanquished.

Notes
Turn   | Place    | Note
-------+----------+-------------------------------------------
     0 | D:1      | galech the Troll Monk began the quest for the Orb.
     0 | D:1      | Reached XP level 1. HP: 22/22 MP: 0/0
    82 | D:1      | Reached XP level 2. HP: 27/29 MP: 1/1
   652 | D:2      | Reached XP level 3. HP: 35/36 MP: 2/2
  1152 | D:3      | Reached skill level 4 in Unarmed Combat
  1153 | D:3      | Noticed feelmyfire's ghost (amateur DrGl)
  1165 | D:3      | Killed feelmyfire's ghost
  1165 | D:3      | Reached XP level 4. HP: 3/44 MP: 3/3
  1165 | D:3      | Reached XP level 5. HP: 3/52 MP: 4/4
  1165 | D:3      | HP: 2/52 [poisoned by feelmyfire's ghost]
  1167 | D:3      | Succumbed to feelmyfire's ghost's poison

Skill      XL: |  1  2  3 |
---------------+----------+-----
Unarmed Combat | 4 |  4.7
Dodging        | 3 |  3.1
Fighting       | |  2.8
Stealth        | |  1.2

Action                   |  1- 3 |  4- 6 || total
-------------------------+-------+-------++-------
Melee: Unarmed           |   107 |       ||   107
  Use: Potion            |       |     2 ||     2
 Stab: Sleeping          |     3 |       ||     3
  Eat: Chunk             |    16 |       ||    16
Armor: Robe              |    31 |       ||    31
Dodge: Dodged            |    52 |       ||    52
